 Dungeon Crawl Stone Soup version 0.20.1-1-g8b1a95d (webtiles) character file.

333 Andry07 the Skirmisher (level 6, 0/40 HPs)
             Began as a Gargoyle Fighter on Oct 6, 2017.
             Killed from afar by Turtleman12345's ghost (3 damage)
             ... with a magic dart
             ... on level 3 of the Dungeon.
             The game lasted 00:01:49 (1700 turns).

Andry07 the Skirmisher (Gargoyle Fighter)           Turns: 1700, Time: 00:01:50

Health: 0/40       AC: 11    Str: 22    XL:     6   Next: 53%
Magic:  6/6        EV:  7    Int:  8    God:
Gold:   94         SH:  9    Dex:  9    Spells: 5/5 levels left

rFire    . . .     SeeInvis .   a - +0 flail
rCold    . . .     Gourm    .   c - +0 shield
rNeg     + . .     Faith    .   b - +0 scale mail
rPois    ∞         Spirit   .   (no helmet)
rElec    +         Reflect  .   (no cloak)
rCorr    .         Harm     .   (no gloves)
MR       .....                  (no boots)
Stlth    ..........             (no amulet)
Regen    0.2/turn               (no ring)
MPRegen  0.1/turn               (no ring)

@: no status effects
A: negative energy resistance 1, electricity resistance, unbreathing,
petrification resistance, rot immunity, AC +4
a: no special abilities


You were on level 3 of the Dungeon.
You were not hungry.

You visited 1 branch of the dungeon, and saw 3 of its levels.

You collected 94 gold pieces.

Inventory:

Hand Weapons
 a - a +0 flail (weapon)
Armour
 b - a +0 scale mail (worn)
 c - a +0 shield (worn)
Jewellery
 j - a +2 ring of slaying {unknown}
 q - an uncursed ring of resist corrosion {unknown}
 w - an uncursed ring of see invisible {unknown}
Wands
 n - a wand of digging (7/24)
 t - a wand of polymorph (2/24)
Scrolls
 e - a scroll of identify {unknown}
 h - 2 scrolls of noise {unknown}
 i - a scroll of fear {unknown}
 o - a scroll of enchant weapon {unknown}
 s - a scroll of teleportation {unknown}
 x - a scroll of remove curse {unknown}
Potions
 d - 3 potions of might
 k - a potion of brilliance {unknown}
 l - 2 potions of invisibility {unknown}
 m - a potion of flight {unknown}
 u - a potion of cancellation {unknown}
 v - a potion of heal wounds {unknown}
Books
 r - a book of Cantrips

   Spells                             Type                      Level
   a - Confusing Touch                Hexes                        1
   b - Animate Skeleton               Necromancy                   1
   c - Summon Small Mammal            Summoning                    1
   d - Apportation                    Translocation                1
Comestibles
 f - 3 bread rations
 g - 2 fruits
 p - a royal jelly
 z - a meat ration


   Skills:
 + Level 5.3 Fighting
 + Level 3.9 Maces & Flails
 + Level 5.2 Armour
 - Level 3.2 Shields


You had 5 spell levels left.
You didn't know any spells.

Dungeon Overview and Level Annotations

Branches:
Dungeon (3/15)

Altars:
Elyvilon

Annotations:
D:3 Turtleman12345's ghost, amateur TeCj


Innate Abilities, Weirdness & Mutations

You are resistant to torment.
Your stone body is resilient. (AC +4)
You are immune to poison.
You resist negative energy. (rN+)
You are resistant to electric shocks. (rElec)
You can survive without breathing.
You are immune to petrification.
You are immune to rotting.


Message History

A hobgoblin comes into view. It is wielding a club.
You closely miss Turtleman12345's ghost.
Turtleman12345's ghost is almost destroyed.
The hobgoblin moves out of view.
Turtleman12345's ghost hits you.
* * * LOW HITPOINT WARNING * * *
You closely miss Turtleman12345's ghost.
Turtleman12345's ghost is almost destroyed.
Turtleman12345's ghost gestures at you while chanting.
The magic dart hits you!
* * * LOW HITPOINT WARNING * * *
Your shield and scale mail prevent you from hitting Turtleman12345's ghost.
Turtleman12345's ghost is almost destroyed.
Turtleman12345's ghost casts a spell at you.
The magic dart hits you!
You closely miss Turtleman12345's ghost.
Turtleman12345's ghost is almost destroyed.
Turtleman12345's ghost barely misses you.
Turtleman12345's ghost casts a spell at you.
The magic dart hits you!
You die...

#........#.### #.
#
#................
..
#........#.##...
#...
#...........#.# .
###.
#.............##..
#.
#............g....
..
####.####..#......
#.[ #.. ##........
### #@.#....#
#.W.## ....
....... ...
#.#######. .# #


You could see Turtleman12345's ghost and a hobgoblin.

Vanquished Creatures
  Grinder (D:3)
  An orc priest (D:3)
  An orc wizard (D:2)
  An adder (D:2)
  A dart slug (D:1)
  A leopard gecko (D:2)
  3 orcs
  A ball python (D:2)
  7 bats
  2 giant cockroaches
  6 goblins
  8 hobgoblins
  4 jackals
  3 kobolds
  6 frilled lizards
  6 rats
52 creatures vanquished.

Notes
Turn   | Place    | Note
-------+----------+-------------------------------------------
     0 | D:1      | Andry07 the Gargoyle Fighter began the quest for the Orb.
     0 | D:1      | Reached XP level 1. HP: 14/14 MP: 1/1
    65 | D:1      | Reached XP level 2. HP: 18/19 MP: 2/2
   226 | D:1      | Reached XP level 3. HP: 22/24 MP: 3/3
   987 | D:2      | Reached XP level 4. HP: 29/29 MP: 4/4
  1177 | D:3      | Noticed Grinder
  1198 | D:3      | Paralysed by Grinder for 4 turns
  1207 | D:3      | Paralysed by Grinder for 2 turns
  1223 | D:3      | Killed Grinder
  1223 | D:3      | Reached skill level 5 in Fighting
  1223 | D:3      | Reached skill level 5 in Armour
  1223 | D:3      | Reached XP level 5. HP: 11/35 MP: 5/5
  1223 | D:3      | Reached XP level 6. HP: 12/40 MP: 6/6
  1640 | D:3      | Found a white marble altar of Elyvilon.
  1683 | D:3      | Noticed Turtleman12345's ghost (amateur TeCj)
  1698 | D:3      | HP: 2/40 [Turtleman12345's ghost/magic dart (4)]
  1700 | D:3      | Killed from afar by Turtleman12345's ghost

Skill      XL: |  1  2  3  4 |
---------------+-------------+-----
Armour         | 4 5 |  5.2
Fighting       | 4 5 |  5.3
Maces & Flails | 3 |  3.9
Shields        | |  3.2

Action                   |  1- 3 |  4- 6 || total
-------------------------+-------+-------++-------
Melee: Flail             |   187 |    56 ||   243
  Eat: Chunk             |       |     3 ||     3
Armor: Scale mail        |   111 |    36 ||   147
Dodge: Dodged            |    80 |    16 ||    96
Block: Shield            |   123 |    35 ||   158
